 Dungeon Crawl Stone Soup version 0.19.0-20-gbc5f0c6 (webtiles) character file.

147 KarmaPolice the Charmwright (level 5, 0/40 HPs)
             Began as a Vampire Skald on Nov 16, 2016.
             Slain by Grinder (1 damage)
             ... on level 3 of the Dungeon.
             The game lasted 00:06:03 (4526 turns).

KarmaPolice the Charmwright (Vampire Skald)         Turns: 4526, Time: 00:06:04

Health: 0/40       AC:  4    Str:  8 (11) XL:     5   Next: 8%
Magic:  1/9        EV: 11    Int: 13 (15) God:
Gold:   91         SH:  0    Dex: 12 (14) Spells: 4 memorised, 1 level left

rFire  . . .     SeeInvis +     a - +0 falchion
rCold  + . .     Gourm    .     b - +0 leather armour
rNeg   + + .     Faith    .     (no shield)
rPois  +         Spirit   .     (no helmet)
rElec  .         Reflect  .     h - +0 cloak
rCorr  .         Harm     .     (no gloves)
MR     .....                    (no boots)
Stlth  ++........               (no amulet)
                                (no ring)
                                (no ring)

@: infused (expiring), very slightly contaminated, regenerating slowly
A: fangs 3, see invisible, unbreathing
a: Bat Form


You were on level 3 of the Dungeon.
You were thirsty.

You visited 1 branch of the dungeon, and saw 3 of its levels.

You collected 91 gold pieces.

Inventory:

Hand Weapons
 a - a +0 falchion (weapon)
Armour
 b - a +0 leather armour (worn)
 h - a +0 cloak (worn)
Jewellery
 g - an uncursed ring of flight {unknown}
Scrolls
 d - a scroll of identify {unknown}
 e - 4 scrolls of recharging {unknown}
 k - a scroll of fog {unknown}
Books
 c - a book of Battle

   Spells                             Type                      Level
   a - Infusion                       Charms                       1
   b - Shroud of Golubria             Charms/Translocation         2
   c - Song of Slaying                Charms                       2
   d - Spectral Weapon                Hexes/Charms                 3
   e - Regeneration                   Charms/Necromancy            3


   Skills:
 + Level 2.9 Fighting
 + Level 3.2 Long Blades
 - Level 0.7 Armour
 - Level 1.1 Dodging
 + Level 2.7 Spellcasting
 + Level 4.2 Charms


You had one spell level left.
You knew the following spells:

 Your Spells              Type           Power        Failure   Level  Hunger
a - Infusion              Chrm           ##..         10%         1    #......
b - Shroud of Golubria    Chrm/Tloc      #.........   24%         2    ###....
c - Song of Slaying       Chrm           ##......     12%         2    ###....
d - Regeneration          Chrm/Necr      #.........   47%         3    ###....


Dungeon Overview and Level Annotations

Branches:
Dungeon (3/15)

Altars:
Sif Muna

Annotations:
D:3 Grinder


Innate Abilities, Weirdness & Mutations

You heal slowly.
You have razor-sharp teeth.
You have supernaturally acute eyesight. (SInv)
You can survive without breathing.


Message History

Grinder barely misses you.
You riposte.
You hit Grinder.
Grinder is moderately wounded.
You closely miss Grinder.
Grinder is moderately wounded.
Grinder barely misses you.
You hit Grinder.
Grinder is heavily wounded.
Grinder gestures at you. Pain shoots through your body!
* * * LOW HITPOINT WARNING * * *
You hit Grinder. You bite Grinder, but do no damage.
Grinder is heavily wounded.
Grinder hits you.
* * * LOW HITPOINT WARNING * * *
You closely miss Grinder.
Grinder is heavily wounded.
Grinder hits you.
* * * LOW HITPOINT WARNING * * *
You writhe in agony.
You die...

########....#.>#
#.....# #
............##.#
#...o.# #
#############.....##.#
#.oo..# #
......†..:........##.#
#.....# #
#############..#####.#
#...o.# # ######
...#.....# #.....###
....... ....#.#####
##......o #######
..#.#.# ######## #
...#.#@# # # ... .#5#
# # .#.# # # #.# # .
#.# # #.# #.# #.#


You could see Grinder.

Vanquished Creatures
  5 adders (D:2)
  3 oozes
  6 worms
  A dart slug (D:3)
  A leopard gecko (D:3)
  An orc (D:3)
  2 ball pythons
  8 bats
  16 giant cockroaches
  2 goblins
  3 hobgoblins
  6 jackals
  3 kobolds
  2 quokkas (D:2)
  5 frilled lizards
  3 rats
67 creatures vanquished.

Notes
Turn   | Place    | Note
-------+----------+-------------------------------------------
     0 | D:1      | KarmaPolice the Vampire Skald began the quest for the Orb.
     0 | D:1      | Reached XP level 1. HP: 16/16 MP: 3/3
   270 | D:1      | Reached XP level 2. HP: 20/22 MP: 0/5
   283 | D:1      | Learned a level 2 spell: Shroud of Golubria
   286 | D:1      | Learned a level 2 spell: Song of Slaying
   554 | D:1      | You fall through a shaft!
   629 | D:2      | Reached XP level 3. HP: 5/28 MP: 1/6
  2172 | D:2      | Reached XP level 4. HP: 32/34 MP: 7/7
  2314 | D:2      | Found a deep blue altar of Sif Muna.
  2331 | D:2      | Reached skill level 4 in Charms
  2361 | D:2      | Learned a level 3 spell: Regeneration
  4140 | D:3      | Reached XP level 5. HP: 19/40 MP: 0/9
  4500 | D:3      | Noticed Grinder
  4508 | D:3      | Paralysed by Grinder for 3 turns
  4526 | D:3      | HP: 1/40 [Grinder (5)]
  4526 | D:3      | Slain by Grinder

Skill      XL: |  1  2  3  4 |
---------------+-------------+-----
Fighting       | 2 |  2.9
Charms         | 4 |  4.2
Long Blades    | 3 |  3.2
Armour         | |  0.7
Dodging        | |  1.1
Spellcasting   | |  2.7

Action                   |  1- 3 |  4- 6 || total
-------------------------+-------+-------++-------
Melee: Falchion          |   101 |   136 ||   237
       Bite              |    14 |    14 ||    28
       Unarmed           |    12 |       ||    12
 Cast: Infusion          |     4 |     9 ||    13
       Shroud of Golubri |     1 |     1 ||     2
       Song of Slaying   |       |     3 ||     3
       Regeneration      |       |     1 ||     1
 Abil: End Transformatio |     5 |     1 ||     6
       Bat Form          |     5 |     1 ||     6
  Use: Potion            |       |     9 ||     9
 Stab: Sleeping          |     5 |     3 ||     8
  Eat: Corpse            |     1 |       ||     1
Armor: Leather armour    |    40 |    39 ||    79
Dodge: Dodged            |    97 |    66 ||   163
       Rpst.: Falchion   |    31 |    22 ||    53
